 Dungeon Crawl Stone Soup version 0.28-a0-474-g535839065c (webtiles) character file.

Game seed: 6342797974617141107

9 Squid the Skirmisher (level 2, 0/27 HPs)
             Began as a Minotaur Berserker on Sept 15, 2021.
             Was a Follower of Trog.
             Slain by a giant cockroach (1 damage)
             ... on level 1 of the Dungeon.
             The game lasted 00:00:26 (34 turns).

Squid the Skirmisher (Minotaur Berserker)             Turns: 34, Time: 00:00:27

Health: 0/27       AC:  2    Str: 21    XL:     2   Next: 6%
Magic:  1/1        EV: 12    Int:  4    God:    Trog [*.....]
Gold:   0          SH:  0    Dex:  9    Spells: 1/1 levels left

rFire   . . .      SeeInvis .   a - +0 mace
rCold   . . .      Faith    .   (no shield)
rNeg    . . .      Spirit   .   b - +0 animal skin
rPois   .          Reflect  .   (helmet restricted)
rElec   .          Harm     .   (no cloak)
rCorr   .          Rampage  .   (no gloves)
Will    .....                   (no boots)
Stlth   +.........              (no amulet)
HPRegen 0.09/turn               (no ring)
MPRegen 0.07/turn               (no ring)

@: on berserk cooldown, slowed, very slow
A: horns 2, retaliatory headbutt
a: Renounce Religion, Berserk


You were on level 1 of the Dungeon.
You worshipped Trog.
Trog was aware of your devotion.
You visited 1 branch of the dungeon, and saw 1 of its levels.

Inventory:

Hand Weapons
 a - a +0 mace (weapon)
Armour
 b - a +0 animal skin (worn)


   Skills:
 + Level 4.1 Fighting
 + Level 3.8 Maces & Flails
 + Level 2.4 Armour
 + Level 2.3 Dodging


You had one spell level left.
You didn't know any spells.
Your spell library was empty.

Dungeon Overview and Level Annotations

Branches:
Dungeon (1/15)

Altars:


Innate Abilities, Weirdness & Mutations

You have a pair of horns on your head.
You reflexively headbutt those who attack you in melee.


Message History

You hit the jackal but do no damage. The jackal bites you.
* * * LOW HITPOINT WARNING * * *
The jackal bites you but does no damage.
The kobold hits you with a +0 whip.
* * * LOW HITPOINT WARNING * * *
A gnoll comes into view. It is wielding a +0 flail.
The jackal bites you.
* * * LOW HITPOINT WARNING * * *
A red film seems to cover your vision as you go berserk!
You feel yourself moving faster!
You feel mighty!
The gnoll shouts!
The jackal closely misses you. You furiously retaliate!
You headbutt the jackal!
You kill the jackal!
Trog accepts your kill. The kobold closely misses you.
The jackal bites you but does no damage.
A giant cockroach comes into view.
You hit the jackal.
You kill the jackal!
Trog accepts your kill. The kobold barely misses you.
You have reached level 2!
The kobold misses you. You furiously retaliate!
You headbutt the kobold!
You kill the kobold!
Trog accepts your kill.
You see here a jackal corpse.
You feel a strong urge to attack something.
Things that are here:
a +0 whip; 2 stones The giant cockroach bites you but does no damage.
You feel your anger nearly subside.
You are no longer berserk.
You are exhausted.
You feel yourself slow down.
The giant cockroach bites you but does no damage.
You barely miss the gnoll. The gnoll closely misses you.
The giant cockroach bites you.
* * * LOW HITPOINT WARNING * * *
The gnoll misses you. The giant cockroach bites you.
You die...

.# .# # .# .
####.#.# [
....#.#### .. #
#......... ...#.
#.........
.....####.@g......
#+##....†)B##.####
#.....†..†.#
#..#....†..#
####...## #...#
### #...###.....
#...........
###.#######.


You could see a gnoll and a giant cockroach.

Vanquished Creatures
  2 giant cockroaches (D:1)
  4 jackals (D:1)
  A kobold (D:1)
7 creatures vanquished.

Notes
Turn   | Place    | Note
-------+----------+-------------------------------------------
     0 | D:1      | Squid the Minotaur Berserker began the quest for the Orb.
     0 | D:1      | Reached XP level 1. HP: 19/19 MP: 0/0
    27 | D:1      | Reached skill level 4 in Fighting
    27 | D:1      | HP: 1/20 [jackal (2)]
    30 | D:1      | Reached XP level 2. HP: 3/27 MP: 1/1
    34 | D:1      | HP: 1/27 [giant cockroach (2)]
    34 | D:1      | Slain by a giant cockroach

Illustrated notes

Levels and vault maps discovered:
D:1:      minmay_arrival_up_and_down, layout_basic, serial_shops,
          nicolae_diamond_shop, st_stairs_14, minmay_cupped

Skill      XL: |  1 |
---------------+----+-----
Fighting       | 4 |  4.1
Maces & Flails | |  3.8
Armour         | |  2.4
Dodging        | |  2.3

Action                   || total
-------------------------++-------
Melee: Mace              ||     9
       Headbutt          ||     1
Invok: Berserk           ||     1
Armor: Animal skin       ||     9
Dodge: Dodged            ||    21

Table legend: (Time is in decaauts)
 A = Elapsed time spent in this place.
 B = Non-inter-level travel time spent in this place.
 C = Inter-level travel time spent in this place.
 D = Time resting spent in this place.
 E = Time spent auto-exploring this place.
 F = Levels seen in this place.
 G = Mean time per level.
                   A        B        C        D        E       F      G
               +--------+--------+--------+--------+--------+-----+--------+
         Total |     34 |     34 |      0 |      0 |      6 |   1 |   34.0 |
       Dungeon |     34 |     34 |      0 |      0 |      6 |   1 |   34.0 |
               +--------+--------+--------+--------+--------+-----+--------+

Top non-repeatable levels by time:
     D:1: 34 daAuts
